Bluet, chaotic male elven Priest ---- ---- --- ---- --- --..---..| ---.-- ----- ---..| |..---....|...---- |....| |...| |....| |................-- --..-- ---...| ---.--.| ---- ---- ----..............| |..--- |...|.--------|...||.| --..--- |..---- -- --............-- |....|---.---...|.|.|.|.---|.|--.....---...|.--.| --...........- --.|.--...|-............| |.--.%...............| |....-...|...| --|....--|.......|.|.|.| |...................-- ---....----..| -- --...--|-..---.-----.| |-<.....*%*......| -- | -----.s.| ---- . |....||..-- |.. .| |.......()..)..--- |.......@|.--- --. --.-..--.-- --..- .- |....--.^......| ----.>...|...| |....|........| --- . --...-|........| |...-----.--- -.........-..-- -. |..%.|--....--- |.. |...| -----.........| |. --...| |...-- -.- ---.---- ---.........-------- --- |.)-----..| . |....-------...............|..| |..---..--- - ---.^......%.......--....)....------ --..|..- ------.......---.-----...........| --....--- |......-- |.................| --.|...| --.----- --------------.|.-- ----.-- --- ----- -- Bluet the Adept Experience level: 7 Strength: 14 Dexterity: 12 Constitution: 11 Intelligence: 10 Wisdom: 20 Charisma: 11 Health: 0(44) Energy: 50(134) Def: 9 Gold: 541 Moves: 4148 Dungeon seed: UpawpA2_pdfuU6kG Game ID: Bluet_1614970041 Your Inventory: Coins $ - 541 gold pieces Weapons a - a blessed +3 mace (weapon in hand) t - 21 +0 arrows (in quiver) L - 4 +0 arrows M - a blessed +0 bow (alternate weapon; not wielded) Armor e - a +0 robe (being worn) n - a +0 small shield (being worn) s - a blessed +2 dwarvish iron helm (being worn) y - a +0 pair of high boots (being worn) z - a +0 pair of elven boots Comestibles c - a clove of garlic d - a sprig of wolfsbane R - a food ration Scrolls v - a scroll of earth P - 2 scrolls of blank paper Spellbooks f - a spellbook of remove curse g - a spellbook of create monster w - a spellbook of light x - a spellbook of healing Potions b - 7 potions of holy water Rings B - a ring of shock resistance (on left hand) Wands K - a wand of light (0:12) Tools h - a tooled horn i - 3 tallow candles (0:200) j - an expensive camera (0:66) C - 6 cursed tallow candles (0:200) D - 4 cursed wax candles (0:400) J - a skeleton key Q - a tin opener T - a +0 pick-axe U - a tinning kit (0:37) V - a tin whistle Gems q - a worthless piece of blue glass F - a cursed fluorite stone Spells and supernatural/magical abilities: Name Level Category Fail Memory h - healing 1 healing 0% 96% l - light 1 divination 0% 96% r - remove curse 3 clerical 0% 54% O - create monster 2* clerical 0% 0% W - pray for help -- divine ? -- X - turn undead -- divine ? -- Your skills at the end: Fighting Skills Weapon Skills mace [Basic] Spellcasting Skills clerical spells [Basic] Final Attributes: You were piously aligned. You were sleep resistant. You were shock resistant. You had infravision. You are dead. Vanquished creatures: a ghost a wolf a gold golem a lizard a gnome mummy a rope golem an orc shaman a yellow light 2 shriekers 5 gnome lords a gnomish wizard an elf zombie a baby crocodile a giant ant a little dog 3 kittens 6 dwarves 2 rothes a werejackal 4 iguanas 2 hobbits a giant rat a brown mold 2 green molds 18 gnomes 13 garter snakes a gnome zombie 2 geckos 8 jackals a fox a kobold 4 goblins 2 sewer rats 6 grid bugs 5 bats 2 lichens 2 kobold zombies 6 newts 113 creatures vanquished. Voluntary challenges: You had been an atheist until turn 2846. You used a wielded weapon 144 times, starting on turn 84. You read items or engraved 17 times, starting on turn 24. You never genocided any monsters. You never polymorphed an object. You never changed form. You used no wishes. You never split a pudding. You never wrote Elbereth's name. You never violated your personal moral code. Dungeon overview: The Dungeons of Doom: levels 1 to 4 Level 1 a fountain, a sink a long staircase Level 2 a scroll shop Level 3 an armor shop Level 4 a fountain stairs to The Gnomish Mines The Gnomish Mines: levels 5 to 7 Level 5 stairs to The Dungeons of Doom Level 6 Level 7 <- You were here History has recorded: On T:1 you entered the Dungeons of Doom to retrieve the Amulet of Yendor! On T:362 you reached level 2 of The Dungeons of Doom. On T:657 you advanced to experience level 2. On T:839 you advanced to experience level 3. On T:956 you reached level 3 of The Dungeons of Doom. On T:1612 you reached level 4 of The Dungeons of Doom. On T:1646 you advanced to experience level 4. On T:2227 you reached level 1 of The Gnomish Mines. On T:2250 you advanced to experience level 5. On T:2992 you reached level 2 of The Gnomish Mines. On T:3154 you advanced to experience level 6. On T:3639 you reached level 3 of The Gnomish Mines. On T:4043 you advanced to experience level 7. Score breakdown: Gold: 541 ( 9300 points) Experience: 7 levels (13645 points) Exploration: 7 levels ( 14.29%) (10606 points) Discoveries: 43 items ( 15.03%) (11632 points) Valuables value: (no points given unless you survive) Artifact value: 0 ( 0 points) Variety of kills: 38 monsters ( 9.97%) ( 9474 points) Turncount: 4148 turns (-1078 points) Survival: died (score multiplied by 80%) Total score: 42863 Latest messages: A gush of water hits you! You stop running. The giant spider bites! (2x) You hit the giant spider. The giant spider bites! You hit the giant spider! The giant spider bites! You hit the giant spider. The giant spider bites! (3x) You feel better. The giant spider bites! You miss the giant spider. The giant spider bites! You feel better. The giant spider bites! (3x) You miss the giant spider. The giant spider just misses! You hit the giant spider! The giant spider misses. You miss the giant spider. The giant spider bites! (2x) You die... Final status: Goodbye Bluet the Priest, killed by a giant spider... You died in The Gnomish Mines on dungeon level 7 with 42863 points, and 541 pieces of gold, after 4148 moves. You were level 7 with a maximum of 44 hit points when you died.